 Dungeon Crawl Stone Soup version 0.27-a0-1177-g245c70e1c0 (webtiles) character file.

Game seed: 17078020908322326440

2771 Sobieck the Geomancer (level 10, -7/56 HPs)
             Began as a Kobold Earth Elementalist on May 16, 2021.
             Was an Initiate of Ashenzari.
             Mangled by an orc warrior
             ... wielding a +0 dire flail
              (9 damage)
             ... on level 7 of the Dungeon.
             The game lasted 00:21:48 (10202 turns).

Sobieck the Geomancer (Kobold Earth Elementalist)  Turns: 10202, Time: 00:21:48

Health: -7/56      AC:  7    Str:  6    XL:     10   Next: 1%
Magic:  10/17      EV: 15    Int: 23    God:    Ashenzari [......]
Gold:   413        SH:  0    Dex: 15    Spells: 8/19 levels left

rFire    . . .     SeeInvis .   a - +0 dagger (venom) {short}
rCold    + . .     Faith    .   (shield restricted)
rNeg     . . .     Spirit   .   I - +0 steam dragon scales
rPois    .         Reflect  .   D - +0 helmet {Int+3}
rElec    .         Harm     .   (no cloak)
rCorr    .         Rampage  .   (no gloves)
Will     .....                  m - +0 pair of boots of Ashenzari's Comet {Fort, Elem} (curse)
Stlth    ++++......             (no amulet)
HPRegen  0.18/turn              g - ring of flight
MPRegen  0.15/turn              v - ring of protection from cold

@: flying
A: small, no large weapons, nightstalker 3
a: Renounce Religion, Curse Item, Shatter the Chains


You were on level 7 of the Dungeon.
You worshipped Ashenzari.
Ashenzari was noncommittal.
You visited 2 branches of the dungeon, and saw 10 of its levels.

You collected 413 gold pieces.


Innate Abilities, Weirdness & Mutations

You are small and have problems with some larger weapons.
You are completely attuned to the shadows.


   Skills:
 - Level 3.0 Fighting
 - Level 2.4 Dodging
 - Level 5.0 Stealth
 - Level 5.0 Spellcasting
 - Level 3.0 Conjurations
 - Level 2.2 Transmutations
 + Level 11.0(11.5) Earth Magic


You had 8 spell levels left.
You knew the following spells:

 Your Spells              Type           Power      Damage    Failure   Level
a - Sandblast             Erth           100%       2d20      1%          1
b - Stone Arrow           Conj/Erth      78%        3d11      1%          3
c - Lee's Rapid Deconstr  Erth           27%        3d16*     2%          5
d - Passwall              Tmut/Erth      30%        N/A       1%          2

Your spell library contained the following spells:

 Spells                   Type           Power      Damage    Failure   Level
 Petrify                  Tmut/Erth      37%        N/A       5%          4

Inventory:

Hand Weapons
 a - a +0 dagger of venom (weapon) {short}
   (You took it off a kobold on level 2 of the Dungeon)
 l - a +0 short sword {short}
   (You took it off a kobold on level 1 of the Dungeon)
 O - a +0 dagger of speed {short}
   (You took it off a kobold on level 8 of the Dungeon)
Missiles
 b - 242 stones {throwing}
 c - 29 poisoned darts {throwing}
 f - 88 arrows
 F - 58 sling bullets
 G - 16 bolts
 J - 2 boomerangs {throwing}
 M - a curare-tipped dart {=fthrowing}
Armour
 m - the cursed +0 pair of boots of Ashenzari's Comet (worn) {Fort, Elem}
   (You found it on level 2 of the Dungeon)

   It has a curse which improves the following skills: Fortitude: Armour and
   Shields.
   Elements:  Fire Magic, Ice Magic, Air Magic and Earth Magic.
 o - a +2 leather armour of fire resistance
   (You found it on level 3 of the Dungeon)
 p - a +0 helmet
   (You found it on level 2 of the Dungeon)
 D - a +0 helmet of intelligence (worn)
   (You found it on level 5 of the Dungeon)
 H - a +2 hat
   (You found it on level 7 of the Dungeon)
 I - +0 steam dragon scales (worn)
   (You found it on level 6 of the Dungeon)
Magical Staves
 h - a staff of air {!astaff}
   (You found it on level 1 of the Dungeon)
 u - a staff of poison {!astaff}
   (You found it on level 4 of the Dungeon)
Jewellery
 g - a ring of flight (left hand)
   (You found it on level 1 of the Dungeon)
 v - a ring of protection from cold (right hand)
   (You found it on level 4 of the Dungeon)
 B - a ring of fire
   (You found it on level 5 of the Dungeon)
 K - a ring of positive energy
   (You found it on level 7 of the Dungeon)
Wands
 d - a wand of iceblast (27)
   (You took it off a hobgoblin on level 3 of the Dungeon)
 z - a wand of polymorph (4)
   (You found it on level 5 of the Dungeon)
 A - a wand of paralysis (19)
   (You found it on level 5 of the Dungeon)
 E - a wand of flame (29)
   (You found it on level 5 of the Dungeon)
Scrolls
 e - 4 scrolls of identify {@r1}
 r - 3 scrolls of teleportation {@r4}
 s - a scroll of vulnerability {!r!r}
 y - a scroll of silence {!r}
 C - a scroll of enchant weapon
 L - a scroll of immolation {!r!r}
 N - a scroll of blinking {!r}
Potions
 i - a potion of attraction {!q}
 j - a potion of might
 k - 4 potions of heal wounds {@q2}
 n - 2 potions of lignification {!q}
 q - 2 potions of haste {@q3}
 t - a potion of flight
 w - 2 potions of curing {@q1}
 x - 2 potions of magic

Dungeon Overview and Level Annotations

Branches:
Dungeon (9/15)             Temple (1/1) D:5
   Lair: D:8-11         Orc: D:9-12

Altars:
Ashenzari
Dithmenos
Elyvilon
Ru
Wu Jian
Yredelemnul

Shops:
D:3

:! #.####.......#######
#.# #.......#...... #.#
#.......#...... ######.#
#.......#......
#(.....########.#########
#........................
#.....##.###########.####
####.###.###########.# #
####.# #@##.....)..#)# #
#....###o##........#)####
#...>'.............).....
#....######........######
#....# ##......).# #....#
#.........# #....#
#.........# #....#
#..###..### #....#
##.#[#..#


You could see an orc warrior.


Message History

The orc closely misses you.
You hit the orc.
You kill the orc!
The orc warrior barely misses you. The orc warrior closely misses you.
The bullfrog closely misses you.
You hit the bullfrog.
The bullfrog is poisoned.
The orc warrior hits you from afar with a +0 trident.
The bullfrog barely misses you. The orc warrior barely misses you.
You closely miss the bullfrog. The bullfrog misses you.
The orc warrior hits you from afar with a +0 trident!
* * * LOW HITPOINT WARNING * * *
The orc warrior barely misses you.
The bullfrog closely misses you. 😨 HP[-12]
You take 12 damage, and now have 21/50 hp.
MASSIVE DAMAGE!! (PAUSE)
Casting: Stone Arrow (safe; 1% risk of failure)
Confirm with . or Enter, or press ? or * to list all spells.
Aiming: Sandblast (safe; 1% risk of failure)
Press: ? - help, Shift-Dir - straight line, f/p - orc warrior
Aim: an orc warrior, wielding a +0 trident, wearing a +0 chain mail and quivering boomerangs (moderately wounded, 82% to hit)
The blast of sand hits the orc warrior.
The orc warrior barely misses you. The bullfrog hits you.
* * * LOW HITPOINT WARNING * * *
The orc warrior hits you with a +0 dire flail!
* * * LOW HITPOINT WARNING * * *
😱 HP[-13] MP[-1]
You take 13 damage, and now have 8/50 hp.
MASSIVE DAMAGE!! (PAUSE)
You lost 1 mp, and now have 1/16 mp.
Casting: Sandblast (safe; 1% risk of failure)
Confirm with . or Enter, or press ? or * to list all spells.
Aiming: Sandblast (safe; 1% risk of failure)
Press: ? - help, Shift-Dir - straight line, f - bullfrog, p - orc warrior
Aim: a bullfrog (lightly wounded, very poisoned, 80% to hit)
The blast of sand hits the bullfrog!!
You kill the bullfrog!
The orc warrior misses you. The orc warrior closely misses you.
Your Earth Magic skill increases to level 11!
You have reached level 10!
You feel clever. 😱 HP[+1]
You now have 56 max hp (+6).
Items here: )) [ †.
You see here a +0 trident {polearm}. 😱 HP[+1] 😱 MP[+1] 😱 HP[+1]
There is a stone staircase leading up here.
The orc warrior hits you with a +0 dire flail.
* * * LOW HITPOINT WARNING * * *
You fly upwards.
There is a stone staircase leading down here. 😱 HP[-6]
You take 6 damage, and now have 5/56 hp. 😱 HP[+1] MP[+1] 😱 HP[+1] MP[+1]
There is a stone staircase leading down here. 😱 HP[+1] 😱 MP[+1] 😱 HP[+1] 😱 MP[+1] 😱 HP[+1] 😱 MP[+1] 😱 HP[+1] 😱 MP[+1] 😱 HP[+1] 😱 HP[+1] 😱 MP[+1] 😱 HP[+1] 😱 MP[+1]
Casting: Sandblast (safe; 1% risk of failure)
Confirm with . or Enter, or press ? or * to list all spells.
Aiming: Passwall (safe; 1% risk of failure)
Press: ? - help, Dir - move target A rock wall.
Okay, then.
Casting: Passwall (safe; 1% risk of failure)
Confirm with . or Enter, or press ? or * to list all spells.
Okay, then. 😨 HP[+1]
Casting: Passwall (safe; 1% risk of failure)
Confirm with . or Enter, or press ? or * to list all spells.
Okay, then.
Casting: Passwall (safe; 1% risk of failure)
Confirm with . or Enter, or press ? or * to list all spells.
Okay, then.
There is an open door here. 😨 MP[+1] 😨 HP[+1]
Casting: Passwall (safe; 1% risk of failure)
Confirm with . or Enter, or press ? or * to list all spells.
Aiming: Passwall (safe; 1% risk of failure)
Press: ? - help, Dir - move target A rock wall.
You begin to meditate on the wall.
You continue meditating on the rock.
The orc warrior hits you with a +0 dire flail!
* * * LOW HITPOINT WARNING * * *
You continue meditating on the rock.
The orc warrior hits you with a +0 dire flail!
You die...

Skill      XL: |  1  2  3  4  5  6  7  8  9 |
---------------+----------------------------+-----
Fighting       | 1 2 3 |  3.0
Transmutations | 2 |  2.2
Spellcasting   | 3 5 |  5.0
Conjurations   | 1 2 3 |  3.0
Earth Magic    | 4 5 6 9 11 | 11.0
Stealth        | 5 |  5.0
Dodging        | |  2.4

Action                   |  1- 3 |  4- 6 |  7- 9 | 10-12 || total
-------------------------+-------+-------+-------+-------++-------
Melee: Short sword       |    23 |       |       |       ||    23
       Dagger            |    13 |   176 |   115 |       ||   304
 Cast: Sandblast         |    37 |    19 |    48 |       ||   104
       Stone Arrow       |       |       |    23 |       ||    23
       Lee's Rapid Decon |       |       |     3 |       ||     3
       Passwall          |       |       |       |     1 ||     1
Invok: Curse Item        |       |       |     2 |       ||     2
       Shatter the Chain |       |       |     1 |       ||     1
  Use: Potion            |       |     1 |       |       ||     1
       Scroll            |       |     6 |     1 |       ||     7
 Stab: Sleeping          |     4 |    14 |    17 |       ||    35
Armor: Robe              |     5 |    51 |    24 |       ||    80
       Steam dragon scal |       |       |    21 |       ||    21
Dodge: Dodged            |    58 |   160 |   142 |       ||   360

Levels and vault maps discovered:
D:1:      sevenhm_arrival_forest_fort_small_6, layout_rooms,
          basic_ecumenical_altar
D:2:      layout_basic
D:3:      cheibrodos_pilgrimage, layout_basic, serial_shops, shop, shop,
          minmay_puff
D:4:      layout_gridville, grunt_dithmenos_smoke, kennysheep_little_box
D:5:      layout_basic, minmay_temple_entry_enclosed_plants
D:6:      layout_basic, lemuel_coloured_pillars_altar, uniq_grinder
D:7:      layout_basic, item_on_display_a
D:8:      layout_loops_cross, trog_butcher_becter,
          amethyst_overflow_temple_binary, special_room [special_room_orc],
          uniq_grum
D:9:      layout_loops_ring, zombieorc2_lemuel, hangedman_incinerator
Temple:   eino_temple_scatter_basement

Notes
Turn   | Place    | Note
-------+----------+-------------------------------------------
     0 | D:1      | Sobieck the Kobold Earth Elementalist began the quest for
                  | the Orb.
     0 | D:1      | Reached XP level 1. HP: 10/10 MP: 3/3
     0 | D:1      | magus.rc [v1.9.6]
   218 | D:1      | Reached XP level 2. HP: 16/16 MP: 3/5
   517 | D:1      | Reached skill level 1 in Fighting
   580 | D:1      | Reached XP level 3. HP: 20/20 MP: 6/6
   772 | D:1      | Found a faded altar of an unknown god.
  1282 | D:2      | Reached XP level 4. HP: 25/25 MP: 4/8
  1446 | D:3      | Noticed a water moccasin
  1454 | D:2      | Reached skill level 2 in Transmutations
  1655 | D:2      | Reached skill level 3 in Spellcasting
  2153 | D:2      | Reached skill level 2 in Fighting
  2153 | D:2      | Reached XP level 5. HP: 29/30 MP: 6/9
  2157 | D:2      | Learned a level 3 spell: Stone Arrow
  2403 | D:5      | Entered Level 5 of the Dungeon
  2427 | D:4      | Found a sacrificial altar of Ru.
  2612 | D:3      | Killed a water moccasin
  2613 | D:3      | Reached skill level 3 in Fighting
  2613 | D:3      | Reached skill level 1 in Conjurations
  2613 | D:3      | Reached skill level 4 in Earth Magic
  2613 | D:3      | Reached XP level 6. HP: 28/37 MP: 5/10
  2874 | D:3      | Found Tusin's Distillery.
  2942 | D:3      | Reached skill level 2 in Conjurations
  3825 | D:3      | Found Motsucv Avva's Book Emporium.
  4112 | D:4      | Learned a level 5 spell: Lee's Rapid Deconstruction
  4158 | D:5      | Reached skill level 5 in Earth Magic
  4158 | D:5      | Reached XP level 7. HP: 38/41 MP: 11/11
  4222 | D:4      | Reached skill level 3 in Conjurations
  4222 | D:4      | Reached skill level 3 in Stealth
  4463 | D:4      | Found a shadowy altar of Dithmenos.
  4493 | D:4      | Reached skill level 4 in Stealth
  5244 | D:5      | Found a staircase to the Ecumenical Temple.
  5250 | Temple   | Entered the Ecumenical Temple
  5285 | Temple   | Became a worshipper of Ashenzari the Shackled
  5340 | D:5      | Reached skill level 5 in Stealth
  5476 | D:5      | Reached skill level 6 in Earth Magic
  5476 | D:5      | Reached XP level 8. HP: 46/46 MP: 7/12
  5788 | D:5      | You pick up a book of Geomancy and begin reading...
  6255 | D:5      | Reached skill level 7 in Earth Magic
  6761 | D:6      | HP: 11/46 [centaur (2)]
  7106 | D:6      | Noticed Grinder
  7112 | D:6      | Killed Grinder
  7113 | D:6      | Reached skill level 8 in Earth Magic
  7203 | D:6      | Reached * piety under Ashenzari
  7383 | D:6      | Reached skill level 9 in Earth Magic
  7383 | D:6      | Reached XP level 9. HP: 43/50 MP: 8/13
  7386 | D:6      | Learned a level 2 spell: Passwall
  7468 | D:6      | Found a white marble altar of Elyvilon.
  8174 | D:6      | Reached skill level 10 in Earth Magic
  9566 | D:8      | Reached skill level 4 in Spellcasting
  9961 | D:8      | Reached skill level 5 in Spellcasting
 10128 | D:8      | HP: 8/50 [orc warrior/+0 dire flail (11)]
 10130 | D:8      | Reached skill level 11 in Earth Magic
 10130 | D:8      | Reached XP level 10. HP: 9/56 MP: 1/17
 10139 | D:8      | HP: 5/56 [orc warrior/+0 dire flail (6)]
 10201 | D:7      | HP: 2/56 [orc warrior/+0 dire flail (14)]
 10202 | D:7      | Mangled by an orc warrior

Vanquished Creatures
  Grinder (D:6)
  2 steam dragons
  A water moccasin (D:3)
  A black bear (D:8)
  3 sky beasts
  An orc warrior (D:8)
  3 ogres
  A necrophage (D:7)
  2 centaurs
  A phantom (D:6)
  2 kobold brigands
  3 scorpions
  A gnoll sergeant (D:8)
  A water moccasin zombie (D:7)
  3 bullfrogs
  A centaur zombie (D:8)
  3 jellies
  3 hounds (D:5)
  An orc priest (D:3)
  2 iguanas
  An orc wizard (D:3)
  A hound skeleton (D:5)
  3 gnolls (D:8)
  6 adders
  An ufetubus (D:6)
  An adder skeleton (D:4)
  2 worms
  2 dart slugs
  24 orcs
  12 ball pythons
  6 endoplasms
  2 giant cockroaches (D:2)
  12 goblins
  6 hobgoblins
  3 quokkas
  9 bats
  2 frilled lizards (D:1)
  19 kobolds
  6 rats
154 creatures vanquished.

Table legend:
 A = Non-vault XP
 B = Vault XP
 C = Vault XP percentage of total XP
 D = Non-vault monster count
 E = Vault monster count
 F = Vault count percentage of total count
                 A         B        C        D         E       F
            +---------+---------+-------+---------+---------+-------
      Total |    3477 |     482 |  12.2 |     138 |      16 |  10.4
            +---------+---------+-------+---------+---------+-------
        D:1 |      43 |       0 |   0.0 |      27 |       0 |   0.0
        D:2 |      95 |       6 |   5.9 |      26 |       2 |   7.1
        D:3 |     216 |      54 |  20.0 |      19 |       7 |  26.9
        D:4 |     384 |       0 |   0.0 |      14 |       0 |   0.0
        D:5 |     496 |       0 |   0.0 |       8 |       0 |   0.0
        D:6 |     934 |     277 |  22.9 |      12 |       1 |   7.7
        D:7 |     581 |       0 |   0.0 |      15 |       0 |   0.0
        D:8 |     728 |     145 |  16.6 |      17 |       6 |  26.1
            +---------+---------+-------+---------+---------+-------

Illustrated notes

Table legend:
 A = Kills in this place as a percentage of kills in entire the game.
 B = Kills by you in this place as a percentage of kills by you in the entire game.
 C = Kills by friends in this place as a percentage of kills by friends in the entire game.
 D = Other kills in this place as a percentage of other kills in the entire game.
 E = Experience gained in this place as a percentage of experience gained in the entire game.
 F = Experience gained in this place divided by the number of levels of this place that you have seen.
                   A       B       C       D       E      F
               +-------+-------+-------+-------+-------+----------------------
         Total | 100.0 | 100.0 |   N/A |   N/A | 100.0 | 395.9
       Dungeon | 100.0 | 100.0 |   N/A |   N/A | 100.0 | 439.9
               +-------+-------+-------+-------+-------+----------------------

Table legend: (Time is in decaauts)
 A = Elapsed time spent in this place.
 B = Non-inter-level travel time spent in this place.
 C = Inter-level travel time spent in this place.
 D = Time resting spent in this place.
 E = Time spent auto-exploring this place.
 F = Levels seen in this place.
 G = Mean time per level.
                   A        B        C        D        E       F      G
               +--------+--------+--------+--------+--------+-----+--------+
         Total |  10236 |   9780 |    456 |   2252 |   5925 |  10 | 1023.6 |
       Dungeon |  10187 |   9744 |    443 |   2252 |   5901 |   9 | 1131.9 |
        Temple |     48 |     35 |     13 |      0 |     24 |   1 |   48.0 |
               +--------+--------+--------+--------+--------+-----+--------+

Top non-repeatable levels by time:
     D:6: 1914 daAuts
     D:3: 1467 daAuts
     D:4: 1411 daAuts
     D:5: 1311 daAuts
     D:2: 1259 daAuts
     D:1: 1084 daAuts
     D:7: 1067 daAuts
     D:8: 666 daAuts
  Temple: 48 daAuts
     D:9: 4 daAuts
